 Dungeon Crawl Stone Soup version 0.29.1-15-g9cfb28693d (webtiles) character file.

Game seed: 8478338491550104717

28 MacCMillion the Caller (level 2, 0/16 HPs)
             Began as a Felid Summoner on Mar 22, 2023.
             Succumbed to a goblin's poison
             ... on level 1 of the Dungeon.
             The game lasted 00:02:35 (1110 turns).

MacCMillion the Caller (Felid Summoner)             Turns: 1110, Time: 00:02:36

Health: 0/16       AC: 21    Str:  4    XL:     2   Next: 96%
Magic:  6/6        EV:  4    Int: 16    God:
Gold:   26         SH:  0    Dex: 16    Spells: 4/5 levels left
                                        Lives:  0   Deaths: 0

rFire   . . .      SeeInvis +   (weapon unavailable)
rCold   . . .      Faith    .   (shield unavailable)
rNeg    . . .      Spirit   .   (body armour unavailable)
rPois   +          Reflect  .   (helmet unavailable)
rElec   .          Harm     .   (cloak unavailable)
rCorr   .          Rampage  .   (gloves unavailable)
Will    .....      NoTele   +   (boots unavailable)
Stlth   ++........              (no amulet)
HPRegen 0.05/turn               (no ring)
MPRegen 0.10/turn               (no ring)

@: lethally poisoned (0 -> -15), tree-form, attractive
A: stationary, stasis, torment immunity, boosted hp, very small, (claws 1),
(fangs 3), see invisible, (speed 1), (shaggy fur 1), (stealthy paws), no weapons
or thrown items, no armour, multi-lived
a: no special abilities


You were on level 1 of the Dungeon.
You were a tree.
You visited 1 branch of the dungeon, and saw 1 of its levels.

You collected 26 gold pieces.

Inventory:

Potions
 a - a potion of magic


   Skills:
 - Level 2.6 Dodging
 - Level 2.6 Stealth
 + Level 2.4 Spellcasting
 * Level 4.6 Summonings


You had 4 spell levels left.
You knew the following spells:

 Your Spells              Type           Power      Damage    Failure   Level
a - Summon Small Mammal   Summ           64%        N/A       3%          1

Your spell library contained the following spells:

 Spells                   Type           Power      Damage    Failure   Level
 Call Imp                 Summ           16%        N/A       4%          2
 Call Canine Familiar     Summ           16%        N/A       9%          3
 Summon Guardian Golem    Hex/Summ       9%         N/A       22%         3
 Ozocubu's Armour         Ice            1%         N/A       52%         3
 Summon Lightning Spire   Summ/Air       9%         N/A       58%         4
 Metabolic Englaciation   Hex/Ice        0%         N/A       99%         5
 Simulacrum               Ice/Necr       0%         N/A       100%        6


Dungeon Overview and Level Annotations

Branches:
Dungeon (1/15)

Altars:


Innate Abilities, Weirdness & Mutations

You are a tree.
Your roots penetrate the ground, keeping you stationary.
You cannot be teleported.
You are immune to unholy pain and torment.
Your maximum health is greatly increased.
((You have sharp claws.))
((You have razor-sharp teeth.))
You have supernaturally acute eyesight. (SInv)
((You cover ground quickly. (Speed+)))
((You are covered in fur. (AC +1)))
((Your paws help you pounce on unaware monsters.))
You are incapable of wielding weapons or throwing items.
You cannot wear armour.
You gain extra lives every three experience levels.


Message History

You see here a bat corpse.
The goblin closely misses your rat.
Your rat disappears in a puff of smoke!
The giant cockroach misses your bat.
Your bat closely misses the giant cockroach.
Your bat barely misses the goblin.
The giant cockroach closely misses your bat.
Your bat hits the goblin.
The goblin hits you with a +0 dagger of venom.
You are lethally poisoned!
You feel sick.
Your bat hits the giant cockroach.
You feel sick.
It was a potion of attraction.
You feel attractive to monsters.
You feel sick.
Your bat closely misses the giant cockroach.
Your bat hits the giant cockroach.
It was a potion of lignification.
You turn into a tree.
Your roots penetrate the ground.
You feel sick.
Your bat barely misses the giant cockroach.
Your bat hits the giant cockroach. The goblin hits you but does no damage.
You are lethally poisoned!
The giant cockroach is attracted toward you.
You barely miss the goblin.
The goblin is moderately wounded.
You feel sick.
Your bat barely misses the goblin.
The goblin hits you but does no damage.
The giant cockroach bites you but does no damage.
Your bat closely misses the giant cockroach.
You barely miss the goblin.
The goblin is moderately wounded.
* * * LOW HITPOINT WARNING * * *
You feel sick.
Your bat barely misses the giant cockroach.
The giant cockroach bites you but does no damage.
The goblin hits you but does no damage.
You are more poisoned.
You hit the giant cockroach.
You kill the giant cockroach!
You die...

[....# #.###+####
.....############.#......
.....##.........#.#.....
.....##.........#.# ...
.....##.........#.# #B#
.....##........b#.# #.#
##.#.............§###.#
#.#.##........)|g.†..#
#.#.###########♣###b.#
#.#.# #.# #..# #.# #.#
#..# #.# #.# #..# #######
#.# #.# #... ....... #.#
#.# #.### #######. #.#
#.# #.# .....##.
#.###########.# #.#
........ #.............#
####.#..


You could see a goblin and a friendly bat (summoned).

Vanquished Creatures
  A dart slug (D:1)
  A giant cockroach (D:1)
  2 bats (D:1)
4 creatures vanquished.

Vanquished Creatures (collateral kills)
  A dart slug (D:1)
  2 bats (D:1)
  An endoplasm (D:1)
  3 goblins (D:1)
  3 hobgoblins (D:1)
  2 jackals (D:1)
  A kobold (D:1)
  A quokka (D:1)
  2 frilled lizards (D:1)
  2 rats (D:1)
18 creatures vanquished.

Grand Total: 22 creatures vanquished

Notes
Turn   | Place    | Note
-------+----------+-------------------------------------------
     0 | D:1      | MacCMillion the Felid Summoner began the quest for the Orb.
     0 | D:1      | Reached XP level 1. HP: 7/7 MP: 4/4
   200 | D:1      | Reached XP level 2. HP: 7/11 MP: 3/6
  1110 | D:1      | Succumbed to a goblin's poison

Illustrated notes

Levels and vault maps discovered:
D:1:      scummos_arrival_checkerplants, layout_basic

Action                   || total
-------------------------++-------
Melee: Unarmed           ||     7
       Bite              ||     1
 Cast: Summon Small Mamm ||    42
  Use: Potion            ||     2
Armor: Skin              ||     8
Dodge: Dodged            ||    15
